 Dungeon Crawl Stone Soup version 0.30-a0-851-gbd0d260d8e (webtiles) character file.

Game seed: 4695391846457467802

4524 MrGoldstein the Cleaver (level 10, -2/107 HPs)
             Began as an Ogre Gladiator on Mar 4, 2023.
             Was a Believer of the Shining One.
             Slain by a fire elemental (10 damage)
             ... summoned by a deep elf pyromancer
             ... on level 8 of the Dungeon.
             The game lasted 00:15:44 (5795 turns).

MrGoldstein the Cleaver (Ogre Gladiator)            Turns: 5795, Time: 00:15:44

Health: -2/107     AC:  9    Str: 28    XL:     10   Next: 39%
Magic:  10/10      EV: 11    Int:  8    God:    the Shining One [**....]
Gold:   423        SH:  0    Dex:  9    Spells: 9/9 levels left

rFire   . . .      SeeInvis .    E - +4 hand axe
rCold   . . .      Faith    .    (no shield)
rNeg    + . .      Spirit   .    l - +0 troll leather armour
rPois   +          Reflect  .    c - +0 hat
rElec   .          Rampage  .    (no cloak)
rCorr   .                        (gloves unavailable)
Will    +....                    (boots unavailable)
Stlth   +                        x - amulet of regeneration
HPRegen 1.97/turn                j - +4 ring of protection
MPRegen 0.12/turn                (no ring)

@: mighty, glowing
A: large, unfitting armour, tough skin 1, poison resistance, strong 1
a: Renounce Religion, Divine Shield


You were on level 8 of the Dungeon.
You worshipped the Shining One.
The Shining One was pleased with you.
You visited 1 branch of the dungeon, and saw 8 of its levels.

You collected 423 gold pieces.

Inventory:

Hand Weapons
 a - a +3 war axe
 E - a +4 hand axe (weapon)
Missiles
 d - 5 throwing nets (quivered)
 e - a large rock
Armour
 b - a +0 robe
 c - a +0 hat (worn)
 g - a +2 pair of gloves
 l - a +0 troll leather armour (worn)
 F - a +0 pair of boots
Jewellery
 j - a +4 ring of protection (left hand)
 u - an amulet of guardian spirit
 x - an amulet of regeneration (around neck)
Wands
 p - a wand of flame (27)
 q - a wand of paralysis (5)
Scrolls
 h - a scroll of identify
 i - 4 scrolls of poison
 k - 8 scrolls of teleportation
 m - a scroll of immolation {unknown}
 v - 2 scrolls of fog {unknown}
 y - a scroll of noise {unknown}
 C - 2 scrolls of acquirement {unknown}
 D - 3 scrolls of blinking
Potions
 f - 3 potions of curing
 o - 2 potions of haste
 t - a potion of lignification
 A - a potion of cancellation
 B - a potion of resistance


   Skills:
 + Level 9.4 Fighting
 + Level 11.3 Axes
 + Level 2.1 Throwing
 + Level 1.1 Armour
 + Level 6.7 Dodging
 + Level 1.9 Stealth


You had 9 spell levels left.
You didn't know any spells.
Your spell library contained the following spells:

 Spells                   Type           Power      Damage    Failure   Level
 Slow                     Hex            0%         N/A       43%         1
 Confusing Touch          Hex            0%         N/A       82%         3
 Inner Flame              Hex/Fire       0%         N/A       82%         3
 Vampiric Draining        Necr           0%         2d6       82%         3
 Cause Fear               Hex            0%         N/A       99%         4
 Discord                  Hex            0%         N/A       100%        8


Dungeon Overview and Level Annotations

Branches:
Dungeon (8/15)             Temple (0/1) D:6
   Lair: D:8-11

Altars:
Fedhas
Hepliaklqana
Kikubaaqudgha
Makhleb
Nemelex Xobeh
Okawaru
Ru
Sif Muna
Trog
Uskayaw
Wu Jian
Yredelemnul
Zin
The Shining One


Innate Abilities, Weirdness & Mutations

You are too large for most types of armour.
You have tough skin. (AC +1)
Your system is resistant to poisons. (rPois)
Your muscles are strong. (Str +4, Int/Dex -1)


Message History

The arrow hits you.
* * * LOW HITPOINT WARNING * * *
You slash the centaur warrior!
The centaur warrior is moderately wounded.
The centaur warrior barely misses you.
The centaur warrior kicks you but does no damage.
The centaur shoots an arrow.
The arrow barely misses you. The centaur warrior hits you!
* * * LOW HITPOINT WARNING * * *
The centaur warrior kicks you but does no damage.
You slice the centaur warrior!!
The centaur warrior is severely wounded.
The centaur warrior hits you!
* * * LOW HITPOINT WARNING * * *
The centaur warrior kicks you but does no damage.
The centaur unwields a +0 shortbow.
The centaur hits you but does no damage.
The centaur closely misses you.
You slice the centaur!!
You kill the centaur!
You barely miss the centaur warrior.
The centaur warrior hits you but does no damage.
The centaur warrior kicks you.
* * * LOW HITPOINT WARNING * * *
The deep elf pyromancer gestures wildly while chanting.
The deep elf pyromancer blinks!
The centaur warrior hits you!
* * * LOW HITPOINT WARNING * * *
The centaur warrior completely misses you.
You slash the centaur warrior!
The centaur warrior is almost dead.
The centaur warrior hits you but does no damage.
The centaur warrior kicks you but does no damage.
You slash the centaur warrior!
You kill the centaur warrior!
You feel your intelligence returning.
Your Armour skill increases to level 1!
You slash the fire elemental!
The fire elemental is moderately damaged.
The fire elemental hits you. The fire elemental burns you!
You die...

#[ . .. # #. .○
## ###○ ##. ...
.. .○° ##.. ..
##. #E## ###...
..>.. ##E##
.##.. .#..
####.#@# .##.
..###.##.#)#
.##
#.##.#.#.#.#
#.#
#.##.#.#.#.#
#.#
#..#.#.#.#.#
##.
#.#..#.#.#.# #
#.#
###.#..#.#.#.#
#. ##.#
#...##.#.#.#.#
###. ##.##
#.#..###)#.#
##.##.#####.##.


You could see 2 fire elementals.

Vanquished Creatures
  A centaur warrior (D:8)
  Pikel (D:5)
  An ugly thing (D:8)
  A hornet (D:7)
  A troll (D:8)
  Grinder (D:4)
  Prince Ribbit (D:7)
  Menkaure (D:7)
  2 orc warriors
  2 black bears
  4 centaurs
  A kobold brigand (D:6)
  2 bullfrogs
  3 scorpions
  7 wights (D:7)
  4 howler monkeys
  2 gnoll boudas
  3 jellies
  A hound (D:7)
  2 orc priests
  An iguana (D:6)
  Natasha (D:2)
  5 orc wizards
  6 adders
  8 gnolls
  A white imp (D:7)
  A dart slug (D:1)
  22 orcs
  A bat (D:1)
  5 endoplasms
  2 giant cockroaches
  6 goblins
  2 hobgoblins
  A quokka (D:2)
  5 ball pythons
  9 kobolds
  5 rats
122 creatures vanquished.

Notes
Turn   | Place    | Note
-------+----------+-------------------------------------------
     0 | D:1      | MrGoldstein the Ogre Gladiator began the quest for the Orb.
     0 | D:1      | Reached XP level 1. HP: 22/22 MP: 1/1
   447 | D:1      | Reached XP level 2. HP: 24/29 MP: 2/2
   820 | D:2      | Found a glowing golden altar of the Shining One.
   848 | D:2      | Became a worshipper of the Shining One
  1017 | D:2      | Reached XP level 3. HP: 24/37 MP: 3/3
  1270 | D:2      | Noticed Natasha
  1280 | D:2      | Killed Natasha
  1281 | D:2      | Reached XP level 4. HP: 22/45 MP: 4/4
  1403 | D:2      | Reached skill level 4 in Axes
  1952 | D:3      | Found a sacrificial altar of Ru.
  2156 | D:4      | Noticed Grinder
  2162 | D:4      | Killed Grinder
  2163 | D:4      | Reached skill level 5 in Axes
  2163 | D:4      | Reached XP level 5. HP: 38/54 MP: 5/5
  2163 | D:4      | Reached XP level 6. HP: 44/62 MP: 6/6
  2629 | D:4      | Found a hazy altar of Hepliaklqana.
  2823 | D:4      | Reached skill level 6 in Axes
  2845 | D:4      | You fall into a shaft and drop 1 floor!
  2845 | D:5      | Entered Level 5 of the Dungeon
  2912 | D:5      | Found a burning altar of Makhleb.
  2912 | D:5      | Found a shimmering blue altar of Sif Muna.
  2912 | D:5      | Found an ancient bone altar of Kikubaaqudgha.
  3066 | D:5      | Reached * piety under the Shining One
  3077 | D:5      | Reached XP level 7. HP: 27/71 MP: 7/7
  3152 | D:5      | Found a basalt altar of Yredelemnul.
  3152 | D:5      | Found a glowing silver altar of Zin.
  3152 | D:5      | Found an iron altar of Okawaru.
  3154 | D:5      | Found an ornate altar of the Wu Jian Council.
  3154 | D:5      | Found a bloodstained altar of Trog.
  3154 | D:5      | Found a glowing golden altar of the Shining One.
  3167 | D:5      | Reached skill level 5 in Fighting
  3191 | D:5      | Noticed Pikel
  3202 | D:5      | Killed Pikel
  3203 | D:5      | Reached skill level 7 in Axes
  3203 | D:5      | Reached skill level 1 in Stealth
  3203 | D:5      | Reached XP level 8. HP: 45/83 MP: 8/8
  3449 | D:5      | Reached skill level 8 in Axes
  3475 | D:5      | Gained mutation: Your flesh is cold resistant. (rC+)
                  | [potion of mutation]
  3475 | D:5      | Lost mutation: Your flesh is cold resistant. (rC+) [potion
                  | of mutation]
  3475 | D:5      | Gained mutation: You passively map a small area around you.
                  | [potion of mutation]
  3475 | D:5      | Gained mutation: You have large cloven feet. [potion of
                  | mutation]
  3476 | D:5      | Lost mutation: You have large cloven feet. [potion of
                  | mutation]
  3476 | D:5      | Lost mutation: You passively map a small area around you.
                  | [potion of mutation]
  3476 | D:5      | Gained mutation: Your system is resistant to poisons.
                  | (rPois) [potion of mutation]
  3476 | D:5      | Gained mutation: Your muscles are strong. (Str +4, Int/Dex
                  | -1) [potion of mutation]
  3795 | D:6      | Found a sparkling altar of Nemelex Xobeh.
  3898 | D:6      | Found a hide-covered altar of Uskayaw.
  3902 | D:6      | Found a blossoming altar of Fedhas.
  4037 | D:6      | Found a staircase to the Ecumenical Temple.
  4312 | D:7      | Reached skill level 5 in Dodging
  4394 | D:7      | Reached skill level 9 in Axes
  4394 | D:7      | Reached XP level 9. HP: 90/93 MP: 9/9
  4567 | D:7      | Noticed a hornet
  4579 | D:7      | Paralysed by a hornet for 1 turns
  4582 | D:7      | Killed a hornet
  4590 | D:7      | Noticed Menkaure
  4622 | D:7      | Killed Menkaure
  4623 | D:7      | Reached skill level 10 in Axes
  4869 | D:7      | Noticed Prince Ribbit
  4884 | D:7      | Killed Prince Ribbit
  5215 | D:7      | Reached ** piety under the Shining One
  5629 | D:8      | Noticed a troll
  5637 | D:8      | Killed a troll
  5643 | D:8      | Reached XP level 10. HP: 64/106 MP: 10/10
  5768 | D:8      | Noticed a green ugly thing
  5768 | D:8      | Noticed a centaur warrior
  5768 | D:8      | Noticed a deep elf pyromancer
  5784 | D:8      | Killed a green ugly thing
  5785 | D:8      | Reached skill level 11 in Axes
  5792 | D:8      | HP: 4/107 [centaur warrior (12)]
  5794 | D:8      | Killed a centaur warrior
  5795 | D:8      | Reached skill level 1 in Armour
  5795 | D:8      | Slain by a fire elemental

Illustrated notes

Levels and vault maps discovered:
D:1:      lightli_arrival_noodles, layout_loops_cross
D:2:      layout_loops_cross, basic_altar, kennysheep_nondescript, uniq_natasha
D:3:      layout_rooms, nicolae_ru_sacrificial_ziggurat
D:4:      layout_basic, lemuel_coloured_pillars_altar, uniq_grinder
D:5:      layout_rooms, nicolae_overflows_in_rows, uniq_pikel
D:6:      layout_rooms, mainiacjoe_overflow_tiny_flanked, fedhas_altar_1,
          mainiacjoe_overflow_surrounded_room, minmay_temple_entry_stoned_glass,
          minmay_misc_feat_ornament, chequers_serial_rivers_small_b
D:7:      layout_gridville, uniq_prince_ribbit1, uniq_menkaure
D:8:      minmay_the_grid_octo_2x2 [minmay_the_grid_octo_toaster,
          minmay_the_grid_octo_teeth, minmay_the_grid_octo_clover,
          minmay_the_grid_octo_prize_big_c], layout_loops_cross,
          chequers_serial_rivers_large_b

Skill      XL: |  1  2  3  4  5  6  7  8  9 10 |
---------------+-------------------------------+-----
Dodging        | 3 4 5 6 |  6.7
Fighting       | 3 4 6 7 8 9 |  9.4
Axes           | 5 6 7 9 10 11 | 11.3
Stealth        | 1 |  1.9
Armour         | 1 |  1.1
Throwing       | |  2.1

Action                     |  1- 3 |  4- 6 |  7- 9 | 10-12 || total
---------------------------+-------+-------+-------+-------++-------
  Melee: War axe           |    67 |    80 |    95 |       ||   242
         Punch             |       |     2 |     6 |     1 ||     9
         Hand axe          |       |       |   137 |    40 ||   177
    Use: Potion            |       |     2 |    12 |     1 ||    15
         Scroll            |       |       |    10 |       ||    10
 Armour: Robe              |    22 |    34 |    84 |       ||   140
         Troll leather arm |       |       |       |    21 ||    21
  Dodge: Dodged            |    35 |    44 |   124 |    23 ||   226

Table legend: (Time is in decaauts)
 A = Elapsed time spent in this place.
 B = Non-inter-level travel time spent in this place.
 C = Inter-level travel time spent in this place.
 D = Time resting spent in this place.
 E = Time spent auto-exploring this place.
 F = Levels seen in this place.
 G = Mean time per level.
                   A        B        C        D        E       F      G
               +--------+--------+--------+--------+--------+-----+--------+
         Total |   5812 |   5584 |    228 |    315 |   3901 |   8 |  726.5 |
       Dungeon |   5812 |   5584 |    228 |    315 |   3901 |   8 |  726.5 |
               +--------+--------+--------+--------+--------+-----+--------+

Top non-repeatable levels by time:
     D:7: 1062 daAuts
     D:2: 845 daAuts
     D:4: 840 daAuts
     D:1: 800 daAuts
     D:6: 677 daAuts
     D:5: 659 daAuts
     D:3: 538 daAuts
     D:8: 387 daAuts
